 Dungeon Crawl Stone Soup version 0.23.1 (webtiles) character file.

Game seed: 2260542912749541708

123 Borgoz the Sneak (level 5, 0/41 HPs)
             Began as a Ghoul Enchanter on Mar 3, 2019.
             Slain by a centaur (1 damage)
             ... on level 6 of the Dungeon.
             The game lasted 00:05:01 (2529 turns).

Borgoz the Sneak (Ghoul Enchanter)                  Turns: 2529, Time: 00:05:01

Health: 0/41       AC:  5    Str: 12    XL:     5   Next: 7%
Magic:  6/6        EV: 11    Int: 10    God:
Gold:   137        SH:  0    Dex: 10    Spells: 6/7 levels left

rFire    . . .     SeeInvis .   a - +1 dagger
rCold    + + .     Gourm    .   (no shield)
rNeg     + + +     Faith    .   i - +0 ring mail {rC+}
rPois    ∞         Spirit   .   (no helmet)
rElec    .         Reflect  .   (no cloak)
rCorr    .         Harm     .   (no gloves)
MR       .....                  (no boots)
Stlth    +.........             (no amulet)
HPRegen  0.00/turn              (no ring)
MPRegen  0.10/turn              (no ring)

@: rotting
A: rotting body, claws 1, carnivore, cold resistance 1, negative energy
resistance 3, inhibited regeneration, torment resistance, unbreathing
a: no special abilities


You were on level 6 of the Dungeon.
You were not hungry.

You visited 1 branch of the dungeon, and saw 4 of its levels.

You collected 137 gold pieces.

Inventory:

Hand Weapons
 a - a +1 dagger (weapon)
Armour
 i - a +0 ring mail of cold resistance (worn)
Jewellery
 f - an uncursed ring of see invisible {unknown}
 h - an uncursed ring of ice
Scrolls
 c - a scroll of enchant weapon {unknown}
 e - a scroll of teleportation
 g - 2 scrolls of remove curse {unknown}
Potions
 b - a potion of flight
Comestibles
 d - 3 rations


   Skills:
 + Level 2.0 Fighting
 * Level 2.5 Short Blades
 + Level 1.4 Armour
 * Level 2.7 Dodging
 - Level 3.2 Stealth
 - Level 1.7 Spellcasting
 - Level 2.4 Hexes


You had 6 spell levels left.
You knew the following spells:

 Your Spells              Type           Power        Failure   Level  Hunger
a - Corona                Hex            #......      26%         1    ##.....

Your spell library contained the following spells:

 Spells                   Type           Power        Failure   Level  Hunger
 Ensorcelled Hibernation  Hex/Ice        #.....       54%         2    ###....
 Confuse                  Hex            #.......     61%         3    ####...
 Tukima's Dance           Hex            #.......     61%         3    ####...
 Dazzling Spray           Conj/Hex       #.....       78%         3    ####...


Dungeon Overview and Level Annotations

Branches:
Dungeon (3/15)

Altars:
Elyvilon
Yredelemnul

Annotations:
D:3 Sigmund


Innate Abilities, Weirdness & Mutations

Your body is rotting away.
You thrive on raw meat.
You are immune to poison.
You have sharp fingernails.
You are carnivorous and can eat meat at any time.
Your flesh is cold resistant. (rC+)
You are immune to negative energy. (rN+++)
You do not regenerate when monsters are visible.
You are immune to unholy pain and torment.
You can survive without breathing.


Message History

The centaur shoots an arrow.
The arrow hits you.
An orc comes into view. It is wielding a +0 flail.
The centaur shoots an arrow.
The arrow closely misses you.
You see here an arrow.
You are too injured to fight recklessly!
You are too injured to fight recklessly!
You are too injured to fight recklessly!
The orc shouts!
The centaur shoots an arrow.
The arrow closely misses you.
The orc throws a tomahawk.
The tomahawk hits you but does no damage.
Things that are here:
a tomahawk; a runed onyx ring
f - a runed onyx ring The centaur shoots an arrow.
The arrow hits you!
* * * LOW HITPOINT WARNING * * *
The orc throws a tomahawk.
The tomahawk hits you.
* * * LOW HITPOINT WARNING * * *
The centaur unwields a +0 shortbow.
The centaur hits you.
You die...

..............#
.....o........#
..............#
..............#
..............#
..............#
..............#
......c@(.((..#
...........(..#
.............##
.............#
.....<.......#
#............#
##..........##
##.........#
.......


You could see a centaur and an orc.

Vanquished Creatures
  Terence (D:2)
  3 adders
  An ooze (D:2)
  A worm (D:3)
  3 dart slugs
  3 leopard geckos
  2 giant cockroaches
  8 goblins
  6 hobgoblins
  6 jackals (D:3)
  A quokka (D:2)
  A ball python (D:2)
  8 bats
  2 frilled lizards (D:1)
  4 kobolds
  5 rats
55 creatures vanquished.

Vanquished Creatures (others)
  2 adders (D:3)
  4 toadstools (D:3)
6 creatures vanquished.

Grand Total: 61 creatures vanquished

Notes
Turn   | Place    | Note
-------+----------+-------------------------------------------
     0 | D:1      | Borgoz the Ghoul Enchanter began the quest for the Orb.
     0 | D:1      | Reached XP level 1. HP: 14/14 MP: 2/2
    25 | D:1      | Reached skill level 1 in Short Blades
   295 | D:1      | Reached XP level 2. HP: 11/22 MP: 3/3
  1018 | D:2      | Reached skill level 1 in Fighting
  1023 | D:2      | Reached XP level 3. HP: 23/28 MP: 4/4
  1199 | D:2      | Noticed Terence
  1219 | D:2      | Killed Terence
  1219 | D:2      | Reached skill level 1 in Armour
  1267 | D:2      | Reached XP level 4. HP: 27/35 MP: 5/5
  1678 | D:3      | Found a white marble altar of Elyvilon.
  1990 | D:3      | Noticed Sigmund
  2049 | D:3      | Found a basalt altar of Yredelemnul.
  2160 | D:3      | Reached XP level 5. HP: 35/41 MP: 6/6
  2486 | D:3      | You are sucked into a shaft for 3 floors!
  2524 | D:6      | Noticed a centaur
  2528 | D:6      | HP: 1/41 [orc/tomahawk (2)]
  2529 | D:6      | Slain by a centaur

Skill      XL: |  1  2  3  4 |
---------------+-------------+-----
Short Blades   | 1 2 |  2.5
Dodging        | 2 |  2.7
Fighting       | 1 2 |  2.0
Armour         | 1 |  1.4
Stealth        | |  3.2
Spellcasting   | |  1.7
Hexes          | |  2.4

Action                   |  1- 3 |  4- 6 || total
-------------------------+-------+-------++-------
Melee: Dagger            |   131 |   180 ||   311
 Cast: Corona            |       |     2 ||     2
  Use: Potion            |     4 |     3 ||     7
       Scroll            |       |     1 ||     1
 Stab: Sleeping          |     2 |     2 ||     4
       Distracted        |     1 |       ||     1
  Eat: Chunk             |     6 |    10 ||    16
Armor: Robe              |     3 |       ||     3
       Ring mail         |    25 |    83 ||   108
Dodge: Dodged            |    89 |   170 ||   259
